 Dungeon Crawl Stone Soup version 0.29.0-11-gd7f09526c8 (webtiles) character file.

Game seed: 9280663754105754087

151 Shayle the Sneak (level 5, 0/72 HPs)
             Began as a Tengu Brigand on Sept 4, 2022.
             Slain by a gnoll
             ... wielding a +0 club
              (2 damage)
             ... on level 2 of the Dungeon.
             The game lasted 00:06:06 (1825 turns).

Shayle the Sneak (Tengu Brigand)                    Turns: 1825, Time: 00:06:06

Health: 0/72       AC: 29    Str: 11    XL:     5   Next: 33%
Magic:  10/10      EV:  2    Int: 14    God:
Gold:   62         SH:  0    Dex: 21    Spells: 10/10 levels left

rFire   . . .      SeeInvis .   r - +2 short sword (protect)
rCold   . . .      Faith    .   (no shield)
rNeg    . . .      Spirit   .   (body armour currently unavailable)
rPois   +          Reflect  .   (helmet currently unavailable)
rElec   .          Harm     .   (cloak currently unavailable)
rCorr   .          Rampage  .   (gloves currently unavailable)
Will    .....      NoTele   +   (boots unavailable)
Stlth   ..........              (no amulet)
HPRegen 0.22/turn               f - +6 ring of dexterity
MPRegen 0.12/turn               (no ring)

@: berserking, tree-form, under a protective aura, very quick
A: stationary, stasis, torment immunity, boosted hp, (beak), (talons 3), nimble
flight
a: no special abilities


You were on level 2 of the Dungeon.
You were a tree.
You visited 1 branch of the dungeon, and saw 3 of its levels.

You collected 62 gold pieces.

Inventory:

Hand Weapons
 a - a +2 dagger
 r - a +2 short sword of protection (weapon)
Missiles
 d - 9 poisoned darts
 e - 3 curare-tipped darts (quivered)
 o - 2 throwing nets
Armour
 b - a +0 robe (melded)
 c - a +0 cloak (melded)
Jewellery
 f - a +6 ring of dexterity (left branch)
Scrolls
 h - a scroll of enchant armour {unknown}
 i - a scroll of teleportation {unknown}
 l - 4 scrolls of identify {unknown}
 m - a scroll of amnesia {unknown}
Potions
 g - a potion of degeneration {unknown}
 n - a potion of mutation {unknown}
 p - a potion of flight {unknown}
 q - a potion of might {unknown}


   Skills:
 + Level 3.1 Fighting
 - Level 2.1 Short Blades
 - Level 2.0 Throwing
 + Level 2.8 Dodging
 - Level 4.0 Stealth
 * Level 3.0 Spellcasting


You had 10 spell levels left.
You didn't know any spells.
Your spell library contained the following spells:

 Spells                   Type           Power      Damage    Failure   Level
 Inner Flame              Hex/Fire       2%         N/A       54%         3
 Cause Fear               Hex            1%         N/A       91%         4
 Discord                  Hex            1%         N/A       100%        8


Dungeon Overview and Level Annotations

Branches:
Dungeon (3/15)

Altars:


Innate Abilities, Weirdness & Mutations

You are a tree.
Your roots penetrate the ground, keeping you stationary.
You cannot be teleported.
You are immune to unholy pain and torment.
Your maximum health is greatly increased.
Your equipment is partially melded.
((You have a beak for a mouth.))
((You have claws for feet.))
Your magical nature lets you fly swiftly and evasively.


Message History

The orc is heavily wounded.
The orc closely misses you.
The orc hits you with a +1 morningstar of protection!
The gnoll hits you with a +0 club.
* * * LOW HITPOINT WARNING * * *
The gnoll closely misses you. The orc completely misses you.
It was a potion of lignification.
You turn into a tree.
Your +0 cloak melds into your body.
Your +0 robe melds into your body.
Your roots penetrate the ground.
The orc hits you but does no damage. x2
The gnoll barely misses you. The gnoll completely misses you.
The orc hits you but does no damage.
You hit the orc but do no damage. The orc hits you but does no damage. x2
The gnoll barely misses you. The gnoll hits you but does no damage.
The orc hits you but does no damage.
You hit the orc.
The orc is severely wounded.
The orc hits you but does no damage. x2; The gnoll hits you but does no damage.
The gnoll hits you with a +0 flail!
* * * LOW HITPOINT WARNING * * *
The orc hits you but does no damage.
Unknown command.
It was a potion of berserk rage.
A red film seems to cover your vision as you go berserk!
You feel yourself moving faster!
You feel mighty!
The orc hits you but does no damage. x2; The gnoll hits you but does no damage. x2
The orc hits you but does no damage.
You barely miss the orc.
The orc is heavily wounded.
You puncture the orc!
You kill the orc!
The orc hits you but does no damage.
The orc hits you with a +1 morningstar of protection.
* * * LOW HITPOINT WARNING * * *
The gnoll hits you but does no damage. x2
Your Spellcasting skill increases to level 3!
You hit the orc.
The orc is lightly wounded.
The orc hits you but does no damage. x2; The gnoll hits you but does no damage.
The gnoll hits you with a +0 club.
You die...

####..###.###..####.# #.# #
.....## ##..........# #.# #
..>##.###.###...##### #.# #
.....#.#.###.....#########.#
#
.....##....................#
##
.....#####.........#########
###. ...................#
#... ....######.....ogg.#
#... #.#.#######....o♣.##
#... ...............).##
#.#. #.........###...## #)##
###.#####.# ##### #.## # #.#
#.# #.## # #.# #.# #.## #
#.# #.# #.## #
#.#####.####### #.##
###.............# #.##


You could see 2 gnolls and 2 orcs.

Vanquished Creatures
  5 gnolls (D:2)
  3 adders
  A worm (D:1)
  A dart slug (D:2)
  3 orcs
  8 endoplasms
  2 giant cockroaches
  5 goblins
  6 hobgoblins
  4 jackals (D:1)
  4 kobolds
  A quokka (D:1)
  6 ball pythons
  6 bats
  6 frilled lizards
  5 rats
66 creatures vanquished.

Notes
Turn   | Place    | Note
-------+----------+-------------------------------------------
     0 | D:1      | Shayle the Tengu Brigand began the quest for the Orb.
     0 | D:1      | Reached XP level 1. HP: 12/12 MP: 2/2
    52 | D:1      | Reached XP level 2. HP: 17/17 MP: 4/4
    54 | D:1      | Reached skill level 1 in Spellcasting
   539 | D:1      | Reached XP level 3. HP: 21/22 MP: 6/6
  1098 | D:2      | Reached XP level 4. HP: 19/27 MP: 8/8
  1411 | D:2      | Found a faded altar of an unknown god.
  1531 | D:3      | Gained mutation: Your magical nature lets you fly swiftly
                  | and evasively. [Tengu growth]
  1531 | D:3      | Reached XP level 5. HP: 32/32 MP: 8/10
  1824 | D:2      | HP: 2/72 [orc/+1 morningstar of protection (4)]
  1825 | D:2      | Slain by a gnoll

Illustrated notes

Levels and vault maps discovered:
D:1:      dpeg_arrival_brainrot, layout_rooms
D:2:      layout_loops_ring, shapermc_ecumenical_altar_starsandcircs,
          minmay_pentomino_r2
D:3:      gammafunk_wand_slinger, layout_loops_ring, xom_butterflies,
          nicolae_overflow_hidden_temple

Skill      XL: |  1  2  3  4  5 |
---------------+----------------+-----
Spellcasting   | 1 2 3 |  3.0
Dodging        | 2 |  2.8
Fighting       | 3 |  3.1
Short Blades   | |  2.1
Throwing       | |  2.0
Stealth        | |  4.0

Action                   |  1- 3 |  4- 6 || total
-------------------------+-------+-------++-------
Melee: Dagger            |    81 |    16 ||    97
       Kick              |    22 |    20 ||    42
       Peck              |     6 |    10 ||    16
       Short sword       |       |    47 ||    47
Throw: Dart              |       |     2 ||     2
  Use: Potion            |       |     2 ||     2
 Stab: Sleeping          |    12 |     8 ||    20
Armor: Robe              |    25 |    17 ||    42
       Skin              |       |    22 ||    22
Dodge: Dodged            |    50 |    69 ||   119
